[Event "ICC tourney 2532 (25 5)"]
[Site "Internet Chess Club"]
[Date "2021.04.24"]
[Round "3"]
[White "MANIACI, MARCO:K12-16925452"]
[Black "NAIR, ADVAIT:K12-15900267"]
[Result "0-1"]
[ICCResult "White forfeits on time"]
[WhiteElo "1051"]
[BlackElo "1749"]
[Opening "QGD"]
[ECO "E10"]
[NIC "QI.01"]
[Time "15:10:27"]
[PlyCount "78"]
[TimeControl "1500+5"]

1. d4 Nf6 2. c4 e6 3. Nf3 d5 4. Bg5 Be7 5. Nc3 b6 6. cxd5 exd5 7. e3 O-O 8.
Bd3 c5 9. dxc5 bxc5 10. Bb5 Bb7 11. O-O Nbd7 12. Qa4 Nb6 13. Qb3 d4 14. Ne2
Bxf3 15. gxf3 dxe3 16. Qxe3 a6 17. Rfd1 Qc7 18. Bf4 Qb7 19. Bd3 Rfe8 20.
Nc3 Bf8 21. Ne4 Nfd5 22. Qd2 Rad8 23. Bg5 Rd7 24. a3 Nc7 25. Qc2 Ne6 26.
Be3 Rd5 27. Kh1 Rh5 28. Rg1 f5 29. Nf6+ Kf7 30. Nxh5 Qxf3+ 31. Rg2 Qxh5 32.
Bxf5 g6 33. Bg4 Qd5 34. Rd1 Qc6 35. Qb3 h5 36. Bh3 Nc8 37. Qc2 Nc7 38. Rd7+
Ne7 39. Qc4+ Nd5 { White forfeits on time } 0-1

[Event "ICC tourney 2532 (25 5)"]
[Site "Internet Chess Club"]
[Date "2021.04.24"]
[Round "3"]
[White "PENG, BRANDON:K12-15283836"]
[Black "RIONAULA, LEONARD:K12-15936796"]
[Result "1-0"]
[ICCResult "Black checkmated"]
[WhiteElo "1769"]
[BlackElo "1116"]
[Opening "QGD Slav defense"]
[ECO "D43"]
[NIC "SL.01"]
[Time "15:10:10"]
[PlyCount "129"]
[TimeControl "1500+5"]

1. d4 d5 2. c4 c6 3. Nc3 Nf6 4. Bg5 e6 5. Nf3 Bb4 6. Bxf6 Qxf6 7. e3 Nd7 8.
Be2 c5 9. O-O O-O 10. cxd5 Bxc3 11. bxc3 exd5 12. Rb1 b6 13. Qc2 c4 14. a4
Re8 15. Rb5 Qd6 16. Rfb1 Nf6 17. h3 g6 18. Ne5 Bf5 19. Qb2 Bxb1 20. Qxb1
Ne4 21. Qc2 Qf6 22. Bf3 Nd6 23. Rxd5 Nf5 24. Ng4 Qg7 25. Rd7 Rad8 26. Rxa7
h5 27. Ne5 Rxe5 28. dxe5 Qxe5 29. Ra8 Rxa8 30. Bxa8 Nd6 31. Bf3 Qa5 32. Be2
b5 33. axb5 Qxb5 34. f3 Qb3 35. Qd2 Nb5 36. Qd5 Nxc3 37. Qxc4 Nxe2+ 38.
Qxe2 Qb1+ 39. Kf2 Kg7 40. Qd2 Qf5 41. Qd4+ Kh7 42. Qc4 Qf6 43. Qb3 g5 44.
Qd3+ Kh6 45. Qc2 g4 46. hxg4 hxg4 47. Kg3 Kg5 48. f4+ Kh6 49. Kxg4 Qg7+ 50.
Kf3 f6 51. g4 Qb7+ 52. Kg3 Qb6 53. Qc3 Kg6 54. Qd4 Qb1 55. f5+ Kh6 56.
Qxf6+ Kh7 57. Qe7+ Kh8 58. g5 Qe1+ 59. Kf4 Qf2+ 60. Ke4 Qg2+ 61. Ke5 Qg3+
62. Kf6 Qxg5+ 63. Kxg5 Kg8 64. Kg6 Kh8 65. Qg7# { Black checkmated } 1-0

[Event "ICC tourney 2532 (25 5)"]
[Site "Internet Chess Club"]
[Date "2021.04.24"]
[Round "3"]
[White "POTHURI, ABHINAV:K12-14936890"]
[Black "SAXE, ERIC:K12-15062745"]
[Result "1-0"]
[ICCResult "Black forfeits on time"]
[WhiteElo "1408"]
[BlackElo "412"]
[Opening "Caro-Kann: Panov-Botvinnik attack"]
[ECO "B13"]
[NIC "CK.02"]
[Time "15:09:42"]
[PlyCount "53"]
[TimeControl "1500+5"]

1. e4 c6 2. d4 d5 3. exd5 cxd5 4. c4 dxc4 5. Bxc4 Nf6 6. Nf3 Nc6 7. Nc3 Bg4
8. Bb5 e6 9. h3 Bxf3 10. Qxf3 Rc8 11. Be3 Bb4 12. O-O O-O 13. Rfd1 Qa5 14.
Bxc6 Rxc6 15. Ne4 Nxe4 16. Qxe4 Bd6 17. d5 exd5 18. Rxd5 Qc7 19. g4 a6 20.
Rh5 h6 21. g5 Bh2+ 22. Kh1 Re6 23. Qb1 Rd8 24. gxh6 Rxe3 25. fxe3 Qc6+ 26.
Kxh2 Rd2+ 27. Kg3 { Black forfeits on time } 1-0

[Event "ICC tourney 2532 (25 5)"]
[Site "Internet Chess Club"]
[Date "2021.04.24"]
[Round "3"]
[White "HUANG, ANDREW:K12-15187612"]
[Black "BUKLIS, JOSEPH:K12-14880942"]
[Result "1-0"]
[ICCResult "Black forfeits on time"]
[WhiteElo "1967"]
[BlackElo "1494"]
[Opening "Trompowsky attack (Ruth, Opocenský opening)"]
[ECO "A45"]
[NIC "QP.07"]
[Time "15:09:42"]
[PlyCount "93"]
[TimeControl "1500+5"]

1. d4 Nf6 2. Bg5 Ne4 3. Bf4 g5 4. Be5 f6 5. e3 h5 6. Bd3 d5 7. f3 fxe5 8.
fxe4 exd4 9. exd4 Bg4 10. Qd2 Bh6 11. Nc3 Nc6 12. exd5 Nb4 13. Bg6+ Kd7 14.
a3 Qg8 15. Be4 Na6 16. h3 Bxh3 17. gxh3 g4 18. Bf5+ Kd8 19. Qg2 Qg5 20.
hxg4 hxg4 21. Be4 Qe3+ 22. Qe2 Qxd4 23. Rd1 Qe5 24. Qxg4 Nc5 25. Nf3 Qf6
26. Qf5 Nxe4 27. Qxe4 Rg8 28. Rf1 Qg7 29. Rg1 Qf7 30. Rxg8+ Qxg8 31. Kf2
Qf8 32. Rg1 a5 33. Qe6 Ra6 34. Rg8 Rxe6 35. Rxf8+ Bxf8 36. dxe6 c6 37. Ke3
Kc7 38. Ke4 Kd6 39. Kf5 Bg7 40. Ng5 b5 41. Nge4+ Kc7 42. Kg6 Bd4 43. Kf7
Kd8 44. b3 b4 45. axb4 axb4 46. Na4 Be3 47. Nac5 { Black forfeits on time }
1-0

[Event "ICC tourney 2532 (25 5)"]
[Site "Internet Chess Club"]
[Date "2021.04.24"]
[Round "3"]
[White "DYLAN HUDSON, QUINN:K12-14347301"]
[Black "HELLER, HARRY:K12-15613721"]
[Result "1-0"]
[ICCResult "Black checkmated"]
[WhiteElo "2141"]
[BlackElo "1820"]
[Opening "English opening"]
[ECO "A05"]
[NIC "QP.11"]
[Time "15:09:30"]
[PlyCount "81"]
[TimeControl "1500+5"]

1. Nf3 Nf6 2. c4 g6 3. g3 Bg7 4. Bg2 O-O 5. O-O Nc6 6. Nc3 d5 7. cxd5 Nxd5
8. a3 Be6 9. Qc2 Na5 10. Ne4 h6 11. Nc5 Qd6 12. e4 Nb6 13. d4 Bc4 14. Rd1
Bxd4 15. Nxd4 Qxc5 16. b4 Qh5 17. bxa5 Qxa5 18. Bxh6 Rfd8 19. Nf3 Qb5 20.
Qc3 f6 21. Rab1 Na4 22. Qe1 Qc5 23. e5 Qxa3 24. Rdc1 Bd5 25. exf6 exf6 26.
Rxc7 Re8 27. Ne5 Rxe5 28. Qxe5 fxe5 29. Bxd5+ Kh8 30. Bg7+ Kh7 31. Bf8+ Kh8
32. Bxa3 Rd8 33. Bxb7 Rd3 34. Be4 Rd8 35. Be7 Re8 36. Bf6+ Kg8 37. Bxg6 Ra8
38. Rbb7 Nc5 39. Rg7+ Kf8 40. Rbf7+ Ke8 41. Rg8# { Black checkmated } 1-0

[Event "ICC tourney 2532 (25 5)"]
[Site "Internet Chess Club"]
[Date "2021.04.24"]
[Round "3"]
[White "LIU, LEONARDO:K12-14879663"]
[Black "QIAN, ANDREW:K12-15377570"]
[Result "1/2-1/2"]
[ICCResult "Game drawn by mutual agreement"]
[WhiteElo "2042"]
[BlackElo "1591"]
[Opening "KP: Indian opening"]
[ECO "C20"]
[NIC "KP.10"]
[Time "15:10:40"]
[PlyCount "137"]
[TimeControl "1500+5"]

1. e4 e5 2. d3 Nf6 3. Nd2 Nc6 4. g3 Bc5 5. Bg2 d6 6. Ngf3 h6 7. O-O O-O 8.
Nc4 Be6 9. Ne3 Qd7 10. Nh4 Rad8 11. Nef5 d5 12. Qf3 dxe4 13. dxe4 Nd4 14.
Nxd4 Qxd4 15. Nf5 Bxf5 16. Qxf5 Rd6 17. Be3 Qb4 18. c3 Qb6 19. Bxc5 Qxc5
20. Kh1 Rfd8 21. f4 Re8 22. Rac1 Rc6 23. b4 Qe7 24. c4 Qe6 25. c5 Ra6 26.
fxe5 Qxe5 27. Qf2 Qe6 28. Rc2 Nxe4 29. Qf4 c6 30. Kg1 Nf6 31. Rff2 Qe1+ 32.
Bf1 Ra3 33. Rfe2 Rxe2 34. Rxe2 Qd1 35. Qf5 Qd4+ 36. Kh1 Qd5+ 37. Qxd5 Nxd5
38. Re8+ Kh7 39. Bc4 Nxb4 40. Bxf7 Nxa2 41. Re6 g5 42. Re7 Nc3 43. Rxb7 Ra5
44. Bd5+ Kg6 45. Bxc6 Rxc5 46. Be8+ Kf6 47. Rxa7 Ne4 48. Ra6+ Kg7 49. Rg6+
Kh7 50. Re6 Nf2+ 51. Kg2 Ng4 52. Re7+ Kg8 53. Kh3 Nf6 54. Bg6 Rd5 55. Ra7
Rd7 56. Ra6 Kg7 57. Bf5 Re7 58. Rb6 Rc7 59. Kg2 Re7 60. Kf3 Rc7 61. Re6 Ra7
62. Re3 Rc7 63. Ra3 Re7 64. Ra6 Rc7 65. Kg2 Re7 66. Kh3 Rc7 67. Ra5 Re7 68.
Bg4 Rc7 69. Ra2 { Game drawn by mutual agreement } 1/2-1/2

[Event "ICC tourney 2532 (25 5)"]
[Site "Internet Chess Club"]
[Date "2021.04.24"]
[Round "3"]
[White "NATHAN, KAPIL:K12-15120535"]
[Black "B LANCMAN, KYLE:K12-15146021"]
[Result "1-0"]
[ICCResult "Black checkmated"]
[WhiteElo "1394"]
[BlackElo "2049"]
[Opening "Sicilian: Hungarian variation"]
[ECO "B34"]
[NIC "SI.33"]
[Time "15:10:10"]
[PlyCount "135"]
[TimeControl "1500+5"]

1. e4 c5 2. Nf3 g6 3. d4 cxd4 4. Nxd4 Nc6 5. Bc4 Bg7 6. Nxc6 bxc6 7. Nc3 d6
8. Bf4 Rb8 9. e5 Rxb2 10. Bb3 Qa5 11. Qf3 Bd7 12. O-O dxe5 13. Bd2 Nf6 14.
Ne4 Qc7 15. Nxf6+ Bxf6 16. Bc3 e4 17. Qe3 O-O 18. Bxf6 exf6 19. Qd4 Rxb3
20. axb3 a5 21. Qxf6 Bf5 22. Qc3 Ra8 23. Rfd1 Rd8 24. Rxd8+ Qxd8 25. Qxa5
Qd4 26. c3 Qd2 27. Qe5 Qd8 28. h3 h5 29. Qd4 Qxd4 30. cxd4 Be6 31. b4 Kf8
32. Rc1 Bd5 33. g3 Ke7 34. Kf1 Kd6 35. Ke2 g5 36. Ke3 f5 37. Ra1 Be6 38. f3
exf3 39. Kxf3 Kd5 40. Re1 g4+ 41. hxg4 hxg4+ 42. Kf4 Bc8 43. Rc1 Bd7 44.
Ke3 Bc8 45. Rc5+ Kd6 46. Kf4 Be6 47. Ra5 Bd7 48. Rxf5 Bxf5 49. Kxf5 Kd5 50.
Kxg4 Kxd4 51. Kf5 Kc4 52. g4 Kxb4 53. g5 c5 54. g6 c4 55. g7 c3 56. g8=Q c2
57. Qg1 Kc3 58. Qc1 Kd3 59. Kf4 Kc3 60. Ke3 Kb3 61. Kd3 Kb4 62. Qxc2 Kb5
63. Kd4 Kb6 64. Qc5+ Kb7 65. Kd5 Kb8 66. Qe7 Ka8 67. Kc6 Kb8 68. Qb7# {
Black checkmated } 1-0

[Event "ICC tourney 2532 (25 5)"]
[Site "Internet Chess Club"]
[Date "2021.04.24"]
[Round "3"]
[White "BHAVIKATTI, NEIL:K12-14919064"]
[Black "K HARRIS, ALEX:K12-14223018"]
[Result "1-0"]
[ICCResult "Black resigns"]
[WhiteElo "2118"]
[BlackElo "1805"]
[Opening "Sicilian: Canal-Sokolsky attack, 3...Bd7"]
[ECO "B52"]
[NIC "SI.01"]
[Time "15:10:47"]
[PlyCount "99"]
[TimeControl "1500+5"]

1. e4 c5 2. Nf3 d6 3. Bb5+ Bd7 4. Bxd7+ Qxd7 5. O-O Nc6 6. c4 Nf6 7. Nc3 e6
8. b3 Be7 9. d4 cxd4 10. Nxd4 O-O 11. Bb2 e5 12. Nf5 Kh8 13. Qd3 g6 14. Ne3
Nh5 15. Ncd5 Kg8 16. Rad1 Rad8 17. b4 a5 18. a3 f5 19. exf5 gxf5 20. b5 Nb8
21. Nxf5 Bg5 22. Ng3 Nf4 23. Nxf4 Bxf4 24. Ne2 Qg4 25. Nxf4 Rxf4 26. Qd5+
Rf7 27. Bxe5 Rf8 28. Bxd6 Re8 29. Rd3 Qf5 30. Rg3+ Kh8 31. Qd4+ Qf6 32.
Qxf6+ Rxf6 33. Bc5 Rg6 34. Rd1 Nd7 35. Be3 Ne5 36. Rxg6 hxg6 37. Bd4 Kg8
38. Bxe5 Rxe5 39. g3 Re2 40. Rd8+ Kf7 41. Rd7+ Ke6 42. Rxb7 Rc2 43. Rc7 Ra2
44. b6 Rxa3 45. b7 Rb3 46. c5 a4 47. Rc6+ Kf5 48. Rb6 Rxb6 49. cxb6 a3 50.
b8=Q { Black resigns } 1-0

[Event "ICC tourney 2532 (25 5)"]
[Site "Internet Chess Club"]
[Date "2021.04.24"]
[Round "3"]
[White "TRSTENJACK, NOAH:K12-16996473"]
[Black "PHILIP MOOR, NATHANIEL:K12-15012516"]
[Result "0-1"]
[ICCResult "White resigns"]
[WhiteElo "1241"]
[BlackElo "2180"]
[Opening "Sicilian: closed"]
[ECO "B23"]
[NIC "SI.44"]
[Time "15:10:27"]
[PlyCount "78"]
[TimeControl "1500+5"]

1. e4 c5 2. Nc3 d6 3. Nf3 Nf6 4. a3 Nc6 5. Bb5 e6 6. Bxc6+ bxc6 7. d3 Be7
8. O-O d5 9. Re1 O-O 10. Bf4 Ba6 11. Ne5 Rc8 12. Rb1 Nd7 13. Qg4 Re8 14.
Re3 Bf8 15. Rg3 Nxe5 16. Bxe5 f6 17. Bf4 c4 18. dxc4 Bxc4 19. b3 Ba6 20.
Na4 f5 21. exf5 e5 22. Bh6 Qf6 23. Bxg7 Bxg7 24. Nc5 Bb5 25. a4 Kh8 26. Ne6
Rxe6 27. fxe6 Ba6 28. Re1 Re8 29. Ree3 e4 30. h4 Rxe6 31. f3 Qa1+ 32. Kh2
Rg6 33. Qh5 Qe5 34. Qxe5 Bxe5 35. f4 Bxf4 36. Rc3 Rxg3 37. Rxg3 e3 38. Kh3
Bc8+ 39. Kh2 e2 { White resigns } 0-1

[Event "ICC tourney 2532 (25 5)"]
[Site "Internet Chess Club"]
[Date "2021.04.24"]
[Round "3"]
[White "J ZHANG, ERIC:K12-16995898"]
[Black "DRUCKER, JACK:K12-16096906"]
[Result "1-0"]
[ICCResult "Black forfeits on time"]
[WhiteElo "1809"]
[BlackElo "1184"]
[Opening "French: Tarrasch, closed variation"]
[ECO "C05"]
[NIC "FR.17"]
[Time "15:10:10"]
[PlyCount "53"]
[TimeControl "1500+5"]

1. e4 e6 2. d4 d5 3. Nd2 Nf6 4. e5 Nfd7 5. Bd3 c5 6. c3 Nc6 7. Ne2 Qb6 8.
Nf3 cxd4 9. cxd4 Be7 10. O-O h6 11. Re1 O-O 12. Nf4 Nb4 13. Bb1 f6 14. a3
Na6 15. exf6 Nxf6 16. Qd3 Nc7 17. Nh5 Nce8 18. Qg6 Ne4 19. Rxe4 dxe4 20.
Bxe4 Bf6 21. Bxh6 Bxd4 22. Kh1 Qxb2 23. Rd1 Bf6 24. Ng5 Bxg5 25. Qh7+ Kf7
26. Bg6+ Ke7 27. Bxg5+ { Black forfeits on time } 1-0

[Event "ICC tourney 2532 (25 5)"]
[Site "Internet Chess Club"]
[Date "2021.04.24"]
[Round "3"]
[White "XAVIER MARTINEZ, HECTOR:K12-14499157"]
[Black "GALVEZ, ELIAN:K12-16711723"]
[Result "1-0"]
[ICCResult "Black checkmated"]
[WhiteElo "1436"]
[BlackElo "481"]
[Opening "Queen's gambit declined"]
[ECO "D30"]
[NIC "QP.08"]
[Time "15:09:48"]
[PlyCount "157"]
[TimeControl "1500+5"]

1. d4 d5 2. c4 e6 3. Nf3 Nc6 4. Nc3 h6 5. Bf4 Nf6 6. a3 Bd6 7. Bxd6 cxd6 8.
cxd5 exd5 9. e3 a6 10. Bd3 O-O 11. O-O Be6 12. Rc1 Re8 13. Nh4 Ne7 14. Qf3
Bg4 15. Qg3 g5 16. Nf3 Nf5 17. Bxf5 Bxf5 18. Nd2 Rc8 19. h4 g4 20. Qf4 Bd3
21. Rfd1 h5 22. Qg5+ Bg6 23. g3 Ne4 24. Qxd5 Nxd2 25. Rxd2 b5 26. Rdd1 Qe7
27. Ne2 Be4 28. Qxh5 Bf3 29. Rxc8 Rxc8 30. Rc1 Rxc1+ 31. Nxc1 Qf6 32. Nd3
Qg6 33. Qxg6+ fxg6 34. Nf4 Kf7 35. Kf1 a5 36. Ke1 Kf6 37. Kd2 g5 38. hxg5+
Kxg5 39. Ne6+ Kf6 40. Nf4 Ke7 41. Kc3 Kd7 42. Kd3 Kc6 43. Ng6 Kd5 44. Kc3
Ke4 45. Kd2 Kd5 46. Kc3 Ke4 47. Nh4 d5 48. Kd2 b4 49. axb4 axb4 50. Nxf3
Kxf3 51. Ke1 Ke4 52. Ke2 b3 53. Ke1 Kf3 54. Kf1 Ke4 55. Ke2 Kf5 56. f3
gxf3+ 57. Kxf3 Ke6 58. e4 Kd6 59. exd5 Kxd5 60. Ke3 Kc4 61. g4 Kd5 62. g5
Ke6 63. Ke4 Kf7 64. Kf5 Kg7 65. d5 Kf7 66. d6 Ke8 67. g6 Kd7 68. g7 Kxd6
69. g8=Q Kc5 70. Qxb3 Kd4 71. Qc3+ Kd5 72. b4 Kd6 73. Qc5+ Kd7 74. b5 Kd8
75. b6 Ke8 76. b7 Kd7 77. Qb5+ Ke7 78. b8=Q Kf7 79. Qd7# { Black checkmated
} 1-0

[Event "ICC tourney 2532 (25 5)"]
[Site "Internet Chess Club"]
[Date "2021.04.24"]
[Round "3"]
[White "VENKATESH NATARAJAN, ARAVINTH:K12-17300200"]
[Black "CHOI YOO, EUGENE:K12-14862820"]
[Result "0-1"]
[ICCResult "White forfeits on time"]
[WhiteElo "1824"]
[BlackElo "2191"]
[Opening "Sicilian: closed, 2...Nc6"]
[ECO "B23"]
[NIC "SI.44"]
[Time "15:09:26"]
[PlyCount "90"]
[TimeControl "1500+5"]

1. e4 c5 2. Nc3 Nc6 3. Bb5 Nd4 4. f4 Nxb5 5. Nxb5 d5 6. exd5 a6 7. Nc3 Nf6
8. Qf3 b5 9. d6 Rb8 10. dxe7 Bxe7 11. d3 O-O 12. Nge2 Re8 13. O-O Bb7 14.
Qg3 Bf8 15. Re1 b4 16. Nd1 c4 17. Nf2 cxd3 18. Qxd3 Qb6 19. Kf1 Bc5 20. Qg3
Rbd8 21. Nd3 Ne4 22. Qf3 Nd2+ 23. Bxd2 Bxf3 24. gxf3 Qc6 25. Kg2 Qg6+ 26.
Ng3 Bf8 27. Rxe8 Rxe8 28. Re1 Rxe1 29. Nxe1 Qe6 30. b3 f5 31. Nd3 Qc8 32.
Ne1 g6 33. Nf1 Qe6 34. Ne3 Bc5 35. Kf2 Qc6 36. Nd3 Bxe3+ 37. Kxe3 Qxc2 38.
Nxb4 Qc5+ 39. Ke2 Kf7 40. Nd3 Qg1 41. b4 Qxh2+ 42. Ke3 Qg1+ 43. Ke2 Qd4 44.
Ne5+ Ke6 45. Nd3 Qc4 { White forfeits on time } 0-1

[Event "ICC tourney 2532 (25 5)"]
[Site "Internet Chess Club"]
[Date "2021.04.24"]
[Round "3"]
[White "K ENG, ANDREW:K12-14538963"]
[Black "MERO, DANIEL:K12-15247388"]
[Result "1-0"]
[ICCResult "Black resigns"]
[WhiteElo "1106"]
[BlackElo "1858"]
[Opening "Sicilian: Alapin's variation (2.c3)"]
[ECO "B22"]
[NIC "SI.46"]
[Time "15:09:22"]
[PlyCount "97"]
[TimeControl "1500+5"]

1. e4 c5 2. c3 Nf6 3. e5 Nd5 4. Nf3 Nc6 5. d4 cxd4 6. cxd4 d6 7. Bc4 dxe5
8. dxe5 Ndb4 9. Qb3 e6 10. O-O Na5 11. Qc3 Nxc4 12. Qxc4 Bd7 13. Rd1 Rc8
14. Qf4 Nc2 15. Ng5 Qe7 16. Nc3 h6 17. Nge4 Qb4 18. Qd2 Ba4 19. Rb1 Ne3 20.
Qxe3 Bxd1 21. Nxd1 Be7 22. Bd2 Qb5 23. Nd6+ Bxd6 24. exd6 O-O 25. Nc3 Qf5
26. Rd1 Qc2 27. Re1 Qxb2 28. Rb1 Qa3 29. Rxb7 Qxd6 30. Rxa7 Rfd8 31. Be1
Qb8 32. f3 Rd3 33. Qxd3 Qxa7+ 34. Kh1 Qa3 35. h3 Qc1 36. Qd2 Qa3 37. Nb5
Qa6 38. Nd6 Rd8 39. Bg3 Qf1+ 40. Kh2 h5 41. Qg5 Ra8 42. Be5 f6 43. Bxf6 Ra7
44. Nc8 Rf7 45. Ne7+ Kf8 46. Ng6+ Kg8 47. Bc3 Qd1 48. Qxh5 Qd6+ 49. Be5 {
Black resigns } 1-0

[Event "ICC tourney 2532 (25 5)"]
[Site "Internet Chess Club"]
[Date "2021.04.24"]
[Round "3"]
[White "RAJAMANIKANDAN, SATHA:K12-15310314"]
[Black "DUSK RUBENSTEIN, OLIVER:K12-14452644"]
[Result "1-0"]
[ICCResult "Black checkmated"]
[WhiteElo "1496"]
[BlackElo "660"]
[Opening "Sicilian: dragon, Yugoslav attack, 10.O-O-O"]
[ECO "B78"]
[NIC "SI.18"]
[Time "15:09:56"]
[PlyCount "97"]
[TimeControl "1500+5"]

1. e4 c5 2. Nf3 d6 3. d4 cxd4 4. Nxd4 Nf6 5. Nc3 g6 6. Be3 Bg7 7. f3 O-O 8.
Qd2 Nc6 9. Bc4 Bd7 10. O-O-O Rc8 11. Bb3 Ne5 12. Kb1 Nc4 13. Bxc4 Rxc4 14.
g4 b5 15. h4 b4 16. Nd5 Nxd5 17. exd5 a5 18. h5 Re8 19. hxg6 fxg6 20. Ne6
Bxe6 21. dxe6 Qc8 22. Bh6 Bc3 23. Qh2 Qxe6 24. Bc1 Qf7 25. bxc3 bxc3 26.
Qh6 Rb8+ 27. Ka1 Rcb4 28. Ba3 Ra4 29. Rb1 Rb2 30. Rxb2 cxb2+ 31. Kxb2 Rf4
32. Qg5 Rxf3 33. Qxa5 Qf6+ 34. Kb1 Rf4 35. Qa8+ Kg7 36. Bb2 Rb4 37. Qa3 Rb7
38. Ka1 e5 39. Qh3 Kg8 40. g5 Qd8 41. Qf3 Rb8 42. Qd5+ Kh8 43. Qf7 Qg8 44.
Qf6+ Qg7 45. Qxd6 Re8 46. Re1 Kg8 47. Bxe5 Qb7 48. Qf6 Qb5 49. Qg7# { Black
checkmated } 1-0

[Event "ICC tourney 2532 (25 5)"]
[Site "Internet Chess Club"]
[Date "2021.04.24"]
[Round "3"]
[White "TEITELMAN, AIDEN:K12-15429990"]
[Black "KHAN, SAMI:K12-17055117"]
[Result "1-0"]
[ICCResult "Black forfeits on time"]
[WhiteElo "1710"]
[BlackElo "1014"]
[Opening "King's Indian: Sämisch, orthodox, 7.d5"]
[ECO "E87"]
[NIC "KI.40"]
[Time "15:10:00"]
[PlyCount "95"]
[TimeControl "1500+5"]

1. d4 Nf6 2. c4 g6 3. Nc3 Bg7 4. e4 d6 5. f3 O-O 6. Be3 e5 7. d5 Nh5 8. Qd2
f5 9. Bd3 f4 10. Bf2 a5 11. c5 g5 12. Na4 Bd7 13. Qc2 Nf6 14. cxd6 cxd6 15.
Nb6 g4 16. Nxa8 Na6 17. Nb6 Nb4 18. Qd2 g3 19. hxg3 fxg3 20. Be3 Be8 21.
Nc4 Nxd3+ 22. Qxd3 Bb5 23. Qb3 Ba6 24. Ne2 b5 25. Nd2 Qe8 26. Nxg3 Qg6 27.
Bf2 Bh6 28. Qd1 Bc8 29. Qe2 Bf4 30. Ngf1 Bd7 31. Ne3 Nh5 32. O-O-O Rc8+ 33.
Kb1 Qg5 34. g4 Bxe3 35. Rxh5 Bxd2 36. Rxg5+ Bxg5 37. Be3 Bd8 38. Rh1 Be8
39. g5 b4 40. Rh6 Bg6 41. Qb5 Rc7 42. Rxg6+ hxg6 43. Qe8+ Kg7 44. Qxd8 Rf7
45. Qxd6 Rxf3 46. Qxe5+ Kf7 47. Qe6+ Kg7 48. Bd4+ { Black forfeits on time
} 1-0

[Event "ICC tourney 2532 (25 5)"]
[Site "Internet Chess Club"]
[Date "2021.04.24"]
[Round "3"]
[White "THOMAS JOHNSON, MATTHEW:K12-16703970"]
[Black "ALBION ZHANG, NATHANIEL:K12-14885012"]
[Result "1/2-1/2"]
[ICCResult "Game drawn because neither player has mating material"]
[WhiteElo "1429"]
[BlackElo "2150"]
[Opening "QGD Slav accepted"]
[ECO "D15"]
[NIC "SL.03"]
[Time "15:09:52"]
[PlyCount "147"]
[TimeControl "1500+5"]

1. d4 d5 2. c4 c6 3. Nc3 Nf6 4. Nf3 dxc4 5. Bg5 b5 6. a4 b4 7. Na2 a5 8. e3
Ba6 9. Ne5 Qd5 10. f3 c5 11. e4 Qxd4 12. Nxc4 Nc6 13. Qc2 Qd8 14. Rd1 Nd4
15. Qf2 Qc7 16. Be3 e5 17. Nc1 Rd8 18. Bd3 Bd6 19. O-O O-O 20. Ne2 Nh5 21.
Nxd6 Qxd6 22. Bxa6 Qxa6 23. Nxd4 exd4 24. Bg5 f6 25. Bc1 Qd6 26. b3 Nf4 27.
Bxf4 Qxf4 28. Qc2 Qe3+ 29. Kh1 Qc3 30. Rc1 Rf7 31. Rf2 Rc7 32. Qd1 Qe3 33.
Re2 Qf4 34. Rd2 Kh8 35. g3 Qe3 36. Rd3 Qg5 37. Rc2 Qe5 38. Kg2 Re8 39. Qc1
f5 40. exf5 Qxf5 41. Rxd4 cxd4 42. Rxc7 Re2+ 43. Kg1 h6 44. Qf4 Qxf4 45.
gxf4 d3 46. Kf1 Rxh2 47. Ke1 Rc2 48. Rd7 Rc3 49. Kd2 Kh7 50. Ra7 Rxb3 51.
Rxa5 Ra3 52. f5 Kg8 53. Rb5 Rxa4 54. Kxd3 Kf7 55. Ke4 Kf6 56. Rb6+ Kf7 57.
Ke5 Ra5+ 58. Ke4 Ra4 59. Ke5 Ra3 60. Rb7+ Kf8 61. Rb8+ Kf7 62. Rb7+ Kg8 63.
Rb8+ Kh7 64. Rxb4 Rxf3 65. Rb6 h5 66. Ke4 Rg3 67. f6 gxf6 68. Rxf6 Rg4+ 69.
Kf5 Rg7 70. Rc6 Kg8 71. Rh6 Rh7 72. Rxh7 Kxh7 73. Kg5 h4 74. Kxh4 { Game
drawn because neither player has mating material } 1/2-1/2

[Event "ICC tourney 2532 (25 5)"]
[Site "Internet Chess Club"]
[Date "2021.04.24"]
[Round "3"]
[White "XINJIAN LI, DAVID:K12-14899012"]
[Black "JAIN, AKERTH:K12-15757158"]
[Result "1-0"]
[ICCResult "Black checkmated"]
[WhiteElo "1936"]
[BlackElo "1276"]
[Opening "QGD: Cambridge Springs defense"]
[ECO "D52"]
[NIC "QO.15"]
[Time "15:10:45"]
[PlyCount "167"]
[TimeControl "1500+5"]

1. d4 d5 2. c4 c6 3. Nf3 Nf6 4. Nc3 e6 5. Bg5 Nbd7 6. e3 Qa5 7. Be2 Ne4 8.
O-O Nxc3 9. bxc3 Qxc3 10. c5 h6 11. Bf4 Be7 12. Qa4 Bd8 13. Rfc1 Qa5 14.
Qb3 Bc7 15. Bd6 Bxd6 16. cxd6 Nf6 17. Ne5 O-O 18. Rab1 Qd8 19. Qb4 Ne4 20.
d7 Bxd7 21. f3 Nf6 22. Qxb7 Rb8 23. Qxa7 Ra8 24. Qb7 Rxa2 25. Bd3 Ra8 26.
g4 Rb8 27. Qa6 Rxb1 28. Rxb1 Qa8 29. Qb7 Qxb7 30. Rxb7 Rd8 31. h4 Be8 32.
g5 hxg5 33. hxg5 Nd7 34. Nxc6 Ra8 35. Kf2 f6 36. g6 Kf8 37. Kg3 Nc5 38.
dxc5 Bxc6 39. Rf7+ Kg8 40. Re7 Kf8 41. Rxe6 Be8 42. Rd6 Ke7 43. Rxd5 Ra3
44. Kf4 Rc3 45. Be4 Rc4 46. Kg3 Rc3 47. Kf2 Bc6 48. Rh5 Bxe4 49. fxe4 Rc2+
50. Kf3 Ke6 51. Rd5 Ke7 52. e5 fxe5 53. Rxe5+ Kf6 54. Ke4 Kxg6 55. Kd5 Kf6
56. Kd6 Rd2+ 57. Rd5 Re2 58. Rd3 Rc2 59. c6 g5 60. c7 g4 61. e4 g3 62. Rf3+
Kg5 63. Rxg3+ Kf4 64. Rg8 Kxe4 65. c8=Q Rxc8 66. Rxc8 Kf5 67. Re8 Kf6 68.
Re7 Kf5 69. Re6 Kf4 70. Re5 Kg4 71. Ke6 Kf4 72. Kf6 Kg4 73. Rf5 Kg3 74. Ke5
Kg4 75. Ke4 Kh4 76. Kf4 Kh3 77. Rg5 Kh4 78. Kf5 Kh3 79. Rg4 Kh2 80. Kf4 Kh3
81. Kf3 Kh2 82. Kf2 Kh3 83. Ra4 Kh2 84. Rh4# { Black checkmated } 1-0

[Event "ICC tourney 2532 (25 5)"]
[Site "Internet Chess Club"]
[Date "2021.04.24"]
[Round "3"]
[White "SG NATHAN, NITISH:K12-15494283"]
[Black "WERNER CHASIN, NICO:K12-14955471"]
[Result "1/2-1/2"]
[ICCResult "Game drawn by mutual agreement"]
[WhiteElo "1941"]
[BlackElo "2392"]
[Opening "Queen's pawn: London system"]
[ECO "A45"]
[NIC "QP.07"]
[Time "15:10:10"]
[PlyCount "96"]
[TimeControl "1500+5"]

1. d4 Nf6 2. Bf4 d6 3. e3 g6 4. Nf3 Bg7 5. Be2 O-O 6. O-O Nc6 7. c4 Nh5 8.
Bg5 h6 9. Bh4 g5 10. Nfd2 gxh4 11. Bxh5 e5 12. d5 Ne7 13. Nc3 f5 14. Be2
Ng6 15. Kh1 Kh7 16. f4 Bd7 17. Bd3 Qe7 18. Qc2 Rae8 19. Rae1 exf4 20. e4
Kh8 21. Nf3 fxe4 22. Bxe4 Ne5 23. Nxe5 Bxe5 24. Bg6 Rc8 25. Ne2 Qg7 26. Ng1
c6 27. Be4 cxd5 28. Bxd5 b5 29. b3 bxc4 30. bxc4 Rb8 31. Rb1 h3 32. Nxh3
Bxh3 33. gxh3 Bd4 34. Qg2 Be3 35. Qxg7+ Kxg7 36. Kg2 Kf6 37. Kf3 Ke5 38.
Rfd1 Rfd8 39. Bb7 Ke6 40. a4 Kd7 41. a5 Kc7 42. Bd5 a6 43. Ke2 Re8 44. Kf3
Bc5 45. Kxf4 Bb4 46. Rg1 Re7 47. Kf5 Re5+ 48. Kf6 Rg5 { Game drawn by
mutual agreement } 1/2-1/2

[Event "ICC tourney 2532 (25 5)"]
[Site "Internet Chess Club"]
[Date "2021.04.24"]
[Round "3"]
[White "BYUNGHYUN KIM, BRIAN:K12-17019768"]
[Black "DHAR, SUMIT:K12-15188271"]
[Result "0-1"]
[ICCResult "White checkmated"]
[WhiteElo "1691"]
[BlackElo "2167"]
[Opening "Sicilian: Alapin's variation (2.c3)"]
[ECO "B22"]
[NIC "SI.47"]
[Time "15:10:10"]
[PlyCount "66"]
[TimeControl "1500+5"]

1. e4 c5 2. c3 Nf6 3. e5 Nd5 4. d4 cxd4 5. cxd4 Nc6 6. Bc4 Nb6 7. Bb3 d5 8.
h3 Bf5 9. Nf3 e6 10. Bd2 Be7 11. Bc2 Bxc2 12. Qxc2 Rc8 13. Nc3 Nb4 14. Qb1
Nc4 15. a3 Nc6 16. Be3 N6a5 17. O-O O-O 18. Re1 Nb3 19. Ra2 Nxa3 20. bxa3
Rxc3 21. Rb2 Na5 22. Bd2 Rxa3 23. Bxa5 Qxa5 24. Rxb7 Bd8 25. Rb8 Bb6 26.
Rxf8+ Kxf8 27. Kh2 g6 28. Qc1 Kg7 29. Qc8 Rxf3 30. gxf3 Qxe1 31. Kg2 Bxd4
32. f4 Qxf2+ 33. Kh1 Qg1# { White checkmated } 0-1